 Dungeon Crawl Stone Soup version 0.29-a0-11-ga75d3d97ab (webtiles) character file.

Game seed: 10895966855444826625

4438 Zonian the Nimble (level 10, -9/60 HPs)
             Began as a Djinni Ice Elementalist on Jan 29, 2022.
             Was an Initiate of Ashenzari.
             Mangled by a four-headed hydra (14 damage)
             ... on level 8 of the Dungeon.
             The game lasted 00:35:19 (17573 turns).

Zonian the Nimble (Djinni Ice Elementalist)        Turns: 17573, Time: 00:35:19

Health: -9/60      AC:  4    Str:  7    XL:     10   Next: 63%
Gold:   300        EV: 16    Int: 21    God:    Ashenzari [......] SH:  0 Dex: 14

rFire   + + .      SeeInvis .   v - +1 short sword (elec)
rCold   . . .      Faith    .   (no shield)
rNeg    + . .      Spirit   .   o - +2 robe of Koobes {rC+ rN+}
rPois   ∞          Reflect  .   (no helmet)
rElec   .          Harm     .   (no cloak)
rCorr   .          Rampage  .   (no gloves)
Will    +....                   (boots unavailable)
Stlth   ++++......              l - amulet of the acrobat
HPRegen 0.20/turn               (no ring)
MPRegen 0.00/turn               (no ring)

@: freezing walls, flying
A: sickness immunity, fire resistance 2, cold vulnerability 1, float, innate
caster, hp casting, extra vitality 1
a: Renounce Religion, Curse Item


You were on level 8 of the Dungeon.
You worshipped Ashenzari.
Ashenzari was noncommittal.
You visited 2 branches of the dungeon, and saw 9 of its levels.

You collected 300 gold pieces.

Inventory:

Hand Weapons
 c - a +0 dagger
 d - a +1 short sword
 g - a +0 hunting sling
 h - a +0 rapier
 p - a +1 whip of venom
 v - a +1 short sword of electrocution (weapon)
Missiles
 j - 14 poisoned darts
Armour
 a - a +1 robe
 k - a +3 leather armour
 o - the +2 robe of Koobes (worn) {rC+ rN+}
   (You acquired it on level 5 of the Dungeon)

   rC:        It protects you from cold.
   rN:        It protects you from negative energy.
Jewellery
 l - an amulet of the acrobat (around neck)
Wands
 m - a wand of iceblast (7)
Scrolls
 r - a scroll of enchant armour
 s - a scroll of fog
 t - a scroll of magic mapping
 u - a scroll of teleportation
Potions
 b - a potion of cancellation
 e - 2 potions of brilliance
 f - 3 potions of lignification
 i - a potion of degeneration
 n - 2 potions of curing
 q - a potion of mutation


   Skills:
 + Level 3.8 Short Blades
 + Level 9.2 Dodging
 + Level 7.6 Stealth
 + Level 7.1 Spellcasting


You had 2 spell levels left.
You knew the following spells:

 Your Spells              Type           Power      Damage    Failure   Level
a - Freeze                Ice            100%       1d11      1%          1
b - Frozen Ramparts       Ice            74%        1d9       1%          3
c - Ozocubu's Armour      Ice            37%        N/A       1%          3
d - Hailstorm             Conj/Ice       37%        3d9       4%          4
e - Foxfire               Conj/Fire      100%       2x1d9     1%          1
f - Corpse Rot            Necr/Air       74%        N/A       1%          2
g - Conjure Flame         Conj/Fire      37%        6-21      1%          3
h - Iskenderun's Mystic   Conj/Tloc      37%        2d9       4%          4
Your spell library was empty.

Dungeon Overview and Level Annotations

Branches:
Dungeon (8/15)             Temple (1/1) D:6
   Lair: D:8-11

Altars:
Ashenzari
Cheibriados
Dithmenos
Elyvilon
Fedhas
Gozag
Hepliaklqana
Kikubaaqudgha
Makhleb
Nemelex Xobeh
Okawaru
Qazlal
Ru
Sif Muna
Trog
Uskayaw
Wu Jian
Xom
Yredelemnul
Zin
The Shining One

Annotations:
D:2 Sigmund
D:7 1 runed translucent door, Crazy Yiuf


Innate Abilities, Weirdness & Mutations

You are immune to sickness and miasma.
You are immune to poison.
Your flesh is very heat resistant. (rF++)
You are vulnerable to cold. (rC-)
You float through the air rather than walking.
You learn spells naturally, not from books.
Your magical power is your life essence.
You have superior vitality. (+4 MHP)


Message History

The iceblast engulfs the four-headed hydra!!
The four-headed hydra is moderately wounded.
Unknown command.
Aiming: Iceblast
Press: ? - help, Shift-Dir - straight line, f/p - four-headed hydra
Aim: a four-headed hydra (moderately wounded)
The mass of ice explodes!
The iceblast engulfs the four-headed hydra!
The four-headed hydra is heavily wounded.
Unknown command.
Casting: Iskenderun's Mystic Blast (dangerous; 4% risk of failure)
Confirm with . or Enter, or press ? or * to list all spells.
Casting: Frozen Ramparts (safe; 1% risk of failure)
Press: ? - help, Dir - look around, f - activate The walls around you are covered in ice.
The wall freezes the four-headed hydra.
The four-headed hydra seems to slow down.
Unknown command.
Casting: Frozen Ramparts (safe; 1% risk of failure)
Confirm with . or Enter, or press ? or * to list all spells.
You erupt in a blast of force!
The mystic blast hits the four-headed hydra!
The four-headed hydra is severely wounded.
Unknown command.
Casting: Iskenderun's Mystic Blast (dangerous; 4% risk of failure)
Confirm with . or Enter, or press ? or * to list all spells.
You erupt in a blast of force!
The mystic blast hits the four-headed hydra.
The four-headed hydra is severely wounded.
The wall freezes the four-headed hydra.
The four-headed hydra bites you! x3
* * * LOW HITPOINT WARNING * * *
The four-headed hydra bites you.
* * * LOW HITPOINT WARNING * * *
Unknown command.
You feel better.
The wall freezes the four-headed hydra!
The four-headed hydra seems to slow down.
The four-headed hydra bites you!
* * * LOW HITPOINT WARNING * * *
The four-headed hydra bites you!
You die...

####
..###############
#.#@....).......#
#.#D###########.#
#....## #.#
#.....# #.#
#.###....## #.#
#.......## #.#
#####.#.#
####.#### ..#.#
#.......# ####'##
#.##.##.#


You could see a four-headed hydra (slow).

Vanquished Creatures
  A two-headed ogre (D:8)
  A deep elf pyromancer (D:7)
  A cyclops (D:6)
  A troll (D:8)
  3 steam dragons (D:8)
  Menkaure (D:4)
  An acid dragon (D:8)
  Duvessa (D:6)
  2 orc warriors
  4 ice beasts
  A sky beast (D:7)
  4 necrophages
  A phantom (D:6)
  3 scorpions
  Dowan (D:6)
  A water moccasin skeleton (D:4)
  A howler monkey (D:5)
  A wight (D:8)
  2 bullfrog zombies (D:6)
  A centaur zombie (D:5)
  A jelly (D:5)
  3 hounds
  An orc priest (D:8)
  A gnoll shaman (D:7)
  Natasha (thrice) (D:2)
  Ijyb (D:5)
  3 orc wizards
  A howler monkey zombie (D:8)
  3 gnolls (D:7)
  13 adders
  2 shadow imps
  A white imp (D:7)
  2 ufetubi
  4 worms
  A dart slug (D:1)
  16 orcs
  9 ball pythons
  3 bats (D:1)
  6 endoplasms
  4 giant cockroaches
  10 hobgoblins
  6 jackals
  6 kobolds
  3 quokkas
  5 frilled lizards
  2 goblins
  4 rats
146 creatures vanquished.

Vanquished Creatures (others)
  148 foxfires
148 creatures vanquished.

Grand Total: 294 creatures vanquished

Notes
Turn   | Place    | Note
-------+----------+-------------------------------------------
     0 | D:1      | Zonian the Djinni Ice Elementalist began the quest for the
                  | Orb.
     0 | D:1      | Reached XP level 1. HP: 15/15 MP: 0/0
   491 | D:1      | Reached XP level 2. HP: 7/21 MP: 0/0
  1809 | D:1      | Reached XP level 3. HP: 19/25 MP: 0/0
  1809 | D:1      | Learned a level 1 spell: Foxfire
  3056 | D:2      | Reached skill level 3 in Dodging
  3673 | D:2      | Reached XP level 4. HP: 28/31 MP: 0/0
  3726 | D:2      | Noticed Natasha
  3732 | D:2      | Killed Natasha
  4475 | D:2      | Noticed Natasha
  4481 | D:2      | Killed Natasha
  4482 | D:2      | Reached XP level 5. HP: 33/35 MP: 0/0
  4482 | D:2      | Learned a level 2 spell: Corpse Rot
  4718 | D:2      | Noticed Sigmund
  4795 | D:2      | Noticed Natasha
  4800 | D:2      | Killed Natasha
  5576 | D:3      | Reached skill level 4 in Dodging
  5780 | D:3      | Found a faded altar of an unknown god.
  5813 | D:3      | Reached XP level 6. HP: 36/40 MP: 0/0
  6673 | D:4      | Noticed Menkaure
  7075 | D:4      | Noticed a necrophage
  7187 | D:4      | Killed a necrophage
  7188 | D:4      | Reached XP level 7. HP: 30/45 MP: 0/0
  7188 | D:4      | Learned a level 3 spell: Conjure Flame
  7868 | D:4      | Killed Menkaure
  7869 | D:4      | Reached skill level 5 in Dodging
  8427 | D:5      | Entered Level 5 of the Dungeon
  9241 | D:5      | Noticed Ijyb
  9492 | D:5      | Reached XP level 8. HP: 26/50 MP: 0/0
  9557 | D:4      | Reached skill level 5 in Spellcasting
 10163 | D:5      | Killed Ijyb
 10534 | D:5      | Reached skill level 6 in Dodging
 10576 | D:5      | Identified a scroll of acquirement
 10576 | D:5      | Acquired the +2 robe of Koobes {rC+ rN+}
 10750 | D:5      | Reached skill level 5 in Stealth
 11283 | D:6      | Noticed Duvessa
 11283 | D:6      | Noticed Dowan
 11827 | D:6      | Reached XP level 9. HP: 50/55 MP: 0/0
 11827 | D:6      | Learned a level 4 spell: Iskenderun's Mystic Blast
 12076 | D:6      | Found a staircase to the Ecumenical Temple.
 12086 | Temple   | Entered the Ecumenical Temple
 12172 | Temple   | Became a worshipper of Ashenzari the Shackled
 12225 | D:6      | Reached skill level 7 in Dodging
 12675 | D:6      | Noticed a cyclops
 13074 | D:6      | Killed a cyclops
 13490 | D:6      | Killed Duvessa
 13497 | D:6      | Killed Dowan
 13881 | D:6      | Found a hide-covered altar of Uskayaw.
 13974 | D:7      | Found a runed translucent door.
 13975 | D:7      | Noticed Crazy Yiuf
 14410 | D:7      | Noticed a deep elf pyromancer
 14463 | D:7      | Reached skill level 1 in Short Blades
 14617 | D:7      | Reached skill level 8 in Dodging
 15763 | D:7      | Killed a deep elf pyromancer
 15764 | D:7      | Reached XP level 10. HP: 44/60 MP: 0/0
 17069 | D:8      | Noticed a gargoyle
 17072 | D:8      | Noticed a four-headed hydra
 17074 | D:8      | Noticed a two-headed ogre
 17074 | D:8      | Found the +2 hood of the Assassin {Detection Stab+ Stlth++}
 17330 | D:8      | Reached skill level 9 in Dodging
 17331 | D:8      | Killed a two-headed ogre
 17573 | D:8      | Mangled by a four-headed hydra

Illustrated notes

Levels and vault maps discovered:
D:1:      dpeg_arrival_rooms_with_view, layout_basic
D:2:      minmay_door_path, layout_basic, minmay_3d_cube, uniq_sigmund,
          uniq_natasha
D:3:      layout_basic, hellmonk_ecumenical_altar_leap_of_faith
D:4:      layout_loops_cross, uniq_menkaure
D:5:      layout_cave_pools, minmay_liquid_box, uniq_ijyb
D:6:      layout_rooms, nicolae_uskayaw_suspiria,
          minmay_temple_entry_large_hall, uniq_duvessa
D:7:      layout_basic, uniq_crazy_yiuf_cottage
D:8:      nzn_winding_woodlands_large [nzn_winding_woodlands_5x5_closed_star,
          nzn_winding_woodlands_5x15_longhouse,
          nzn_winding_woodlands_5x5_default,
          nzn_winding_woodlands_center_triple_pond,
          nzn_winding_woodlands_15x15_thick_spiral,
          nzn_winding_woodlands_center_pierced_h,
          nzn_winding_woodlands_5x5_three,
          nzn_winding_woodlands_5x15_river_crossing,
          nzn_winding_woodlands_5x5_perimeter], layout_loops_corners
Temple:   grunt_wide_crystal_templ

Skill      XL: |  1  2  3  4  5  6  7  8  9 10 |
---------------+-------------------------------+-----
Stealth        | 2 3 4 5 7 |  7.6
Dodging        | 3 4 5 6 8 9 |  9.2
Spellcasting   | 4 5 6 7 |  7.1
Short Blades   | 2 3 |  3.8

Action                   |  1- 3 |  4- 6 |  7- 9 | 10-12 || total
-------------------------+-------+-------+-------+-------++-------
Melee: Dagger            |    10 |    60 |   195 |       ||   265
       Unarmed           |     2 |       |       |       ||     2
       Punch             |       |     2 |     1 |       ||     3
       Short sword       |       |       |    19 |    36 ||    55
 Cast: Freeze            |    63 |    58 |    33 |       ||   154
       Foxfire           |       |    12 |    68 |     1 ||    81
       Frozen Ramparts   |       |       |    17 |     7 ||    24
       Iskenderun's Myst |       |       |     2 |     9 ||    11
       Ozocubu's Armour  |       |       |     1 |     1 ||     2
Evoke: Wand              |       |       |     8 |     7 ||    15
  Use: Scroll            |     3 |     5 |    13 |     1 ||    22
       Potion            |       |       |     7 |     2 ||     9
 Stab: Sleeping          |       |     1 |     4 |     1 ||     6
Armor: Robe              |    11 |    12 |    44 |     2 ||    69
       Skin              |       |       |    25 |       ||    25
Dodge: Dodged            |    53 |    93 |   276 |    35 ||   457

Table legend: (Time is in decaauts)
 A = Elapsed time spent in this place.
 B = Non-inter-level travel time spent in this place.
 C = Inter-level travel time spent in this place.
 D = Time resting spent in this place.
 E = Time spent auto-exploring this place.
 F = Levels seen in this place.
 G = Mean time per level.
                   A        B        C        D        E       F      G
               +--------+--------+--------+--------+--------+-----+--------+
         Total |  17565 |  17026 |    539 |  10178 |   3773 |   9 | 1951.7 |
       Dungeon |  17461 |  16922 |    539 |  10178 |   3773 |   8 | 2182.6 |
        Temple |    103 |    103 |      0 |      0 |      0 |   1 |  103.0 |
               +--------+--------+--------+--------+--------+-----+--------+

Top non-repeatable levels by time:
     D:1: 3366 daAuts
     D:5: 2771 daAuts
     D:7: 2431 daAuts
     D:4: 2428 daAuts
     D:2: 2023 daAuts
     D:6: 1872 daAuts
     D:3: 1360 daAuts
     D:8: 1206 daAuts
  Temple: 103 daAuts
